| TOP OF THE 1ST |
|
Palm Beach Nationals batting - Pitching for Oakland Oaks : RHP Victor Sanchez
|
|
Pitching: RHP Victor Sanchez
|
|
|
Batting: RHB Taffounnout Kame
|
0-0: Called Strike 0-1: Swinging Strike 0-2: Ball 1-2: Foul Ball, location: 2F 1-2: Ball 2-2: Ball 3-2: Strikes out swinging
|
|
Batting: RHB Lamar Thornton
|
0-0: Ball 1-0: Ball 2-0: Foul Ball, location: 2F 2-1: Foul Ball, location: 2F 2-2: Ground out 6-3 (Groundball, 6, EV 107.5 MPH)
|
|
Batting: RHB Er Le
|
0-0: Fly out, F9 (Line Drive, 89M, EV 98.8 MPH)
|
| Top of the 1st over - 0 runs, 0 hits, 0 errors, 0 left on base; Palm Beach 0 - Oakland 0 |
| BOTTOM OF THE 1ST |
|
Oakland Oaks batting - Pitching for Palm Beach Nationals : RHP Steve Schneider
|
|
Pitching: RHP Steve Schneider
|
|
|
Batting: RHB Chris Bohm
|
0-0: Called Strike 0-1: Swinging Strike 0-2: Fly out, F7 (Flyball, 7LM, EV 82.5 MPH)
|
|
Batting: RHB Scott Lister
|
0-0: Called Strike 0-1: Called Strike 0-2: Ground out 5-3 (Groundball, 56, EV 102.5 MPH)
|
|
Batting: RHB Walt Alaniz
|
0-0: Foul Ball, location: 2F 0-1: Foul Ball, location: 2F 0-2: Ball 1-2: DOUBLE (Groundball, 5L, EV 103.8 MPH)
|
|
Batting: LHB Felipe Gomez
|
0-0: Ball 1-0: Foul Ball, location: 2F 1-1: Ball 2-1: Foul Ball, location: 2F 2-2: Foul Ball, location: 2F 2-2: Foul Ball, location: 2F 2-2: Strikes out looking
|
| Bottom of the 1st over - 0 runs, 1 hit, 0 errors, 1 left on base; Palm Beach 0 - Oakland 0 |
| TOP OF THE 2ND |
|
Palm Beach Nationals batting - Pitching for Oakland Oaks : RHP Victor Sanchez
|
|
Batting: RHB Steve Kunselman
|
0-0: Ball 1-0: Called Strike 1-1: Ball 2-1: Called Strike 2-2: SINGLE (Line Drive, 7S, EV 106.2 MPH)
|
|
Batting: RHB Aaron Bateman
|
0-0: Swinging Strike 0-1: Swinging Strike 0-2: Foul Ball, location: 2F 0-2: Ball 1-2: Fly out, F9 (Flyball, 9LD, EV 90.0 MPH)
|
|
Batting: SHB John Husson
|
0-0: Ball 1-0: Ball 2-0: Called Strike 2-1: Fly out, F9 (Line Drive, 89S, EV 105.6 MPH)
|
|
Batting: RHB Kenny Ball
|
0-0: Called Strike Steve Kunselman is caught stealing 2nd base 2-4
|
| Top of the 2nd over - 0 runs, 1 hit, 0 errors, 0 left on base; Palm Beach 0 - Oakland 0 |
| BOTTOM OF THE 2ND |
|
Oakland Oaks batting - Pitching for Palm Beach Nationals : RHP Steve Schneider
|
|
Batting: LHB Alejandro Muniz
|
0-0: Swinging Strike 0-1: Ball 1-1: Ball 2-1: Reached on error, E5 (Groundball, 56, EV 79.4 MPH)
|
|
Batting: RHB Travis Robinson
|
0-0: Foul Ball, location: 2F 0-1: Ball 1-1: Fly out, F8 (Flyball, 89M, EV 85.6 MPH)
|
|
Batting: RHB Ricardo Claros
|
0-0: Ball 1-0: Ball 2-0: Foul Ball, location: 2F 2-1: Called Strike 2-2: Grounds into double play, 5-4-3 (Groundball, 56, EV 99.4 MPH)
|
| Bottom of the 2nd over - 0 runs, 0 hits, 1 error, 0 left on base; Palm Beach 0 - Oakland 0 |
| TOP OF THE 3RD |
|
Palm Beach Nationals batting - Pitching for Oakland Oaks : RHP Victor Sanchez
|
|
Batting: RHB Kenny Ball
|
0-0: Called Strike 0-1: Swinging Strike 0-2: Strikes out swinging
|
|
Batting: RHB Joe Simmelink
|
0-0: SINGLE (Groundball, 56, EV 98.8 MPH)
|
|
Batting: RHB Akira Ishihara
|
0-0: Foul Ball, location: 2F 0-1: Foul Ball, location: 2F 0-2: Strikes out swinging
|
|
Batting: RHB Taffounnout Kame
|
0-0: Called Strike Joe Simmelink steals 2nd base 0-1: Ball 1-1: Called Strike 1-2: Strikes out swinging
|
| Top of the 3rd over - 0 runs, 1 hit, 0 errors, 1 left on base; Palm Beach 0 - Oakland 0 |
| BOTTOM OF THE 3RD |
|
Oakland Oaks batting - Pitching for Palm Beach Nationals : RHP Steve Schneider
|
|
Batting: RHB Tim Anderson
|
0-0: Ball 1-0: Ball 2-0: Called Strike 2-1: SINGLE (Line Drive, 34D, EV 100.0 MPH)
|
|
Batting: RHB Don Burt
|
0-0: Ball 1-0: Ball Tim Anderson steals 2nd base 2-0: Called Strike 2-1: Called Strike 2-2: Ball 3-2: Foul Ball, location: 2F 3-2: Strikes out looking
|
|
Batting: RHB Chris Bohm
|
0-0: Ball 1-0: Swinging Strike 1-1: Foul Ball, location: 2F 1-2: Strikes out swinging
|
|
Batting: RHB Scott Lister
|
0-0: Foul Ball, location: 2F 0-1: Foul Ball, location: 2F 0-2: Ball 1-2: Ball 2-2: SINGLE (Groundball, 34S, EV 94.4 MPH) Tim Anderson to third Throwing error, E9 Tim Anderson scores Scott Lister to second
|
|
Batting: RHB Walt Alaniz
|
0-0: Ground out 4-3 (Groundball, 4, EV 108.1 MPH)
|
| Bottom of the 3rd over - 1 run, 2 hits, 1 error, 1 left on base; Palm Beach 0 - Oakland 1 |
| TOP OF THE 4TH |
|
Palm Beach Nationals batting - Pitching for Oakland Oaks : RHP Victor Sanchez
|
|
Batting: RHB Lamar Thornton
|
0-0: Ball 1-0: Called Strike 1-1: DOUBLE (Line Drive, 89XD, EV 111.2 MPH)
|
|
Batting: RHB Er Le
|
0-0: Ball 1-0: Foul Ball, location: 2F 1-1: Foul Ball, location: 2F 1-2: Strikes out swinging
|
|
Batting: RHB Steve Kunselman
|
0-0: Ball 1-0: Ball 2-0: Foul Ball, location: 2F 2-1: Foul Ball, location: 2F 2-2: Strikes out swinging
|
|
Batting: RHB Aaron Bateman
|
0-0: Ball 1-0: Called Strike 1-1: 2-RUN HOME RUN (Flyball, 7D, EV 100.0 MPH), Distance : 377 ft
|
|
Batting: SHB John Husson
|
0-0: Ground out 4-3 (Groundball, 4, EV 88.8 MPH)
|
| Top of the 4th over - 2 runs, 2 hits, 0 errors, 0 left on base; Palm Beach 2 - Oakland 1 |
| BOTTOM OF THE 4TH |
|
Oakland Oaks batting - Pitching for Palm Beach Nationals : RHP Steve Schneider
|
|
Batting: LHB Felipe Gomez
|
0-0: Called Strike 0-1: Foul Ball, location: 2F 0-2: Strikes out swinging
|
|
Batting: LHB Alejandro Muniz
|
0-0: Ball 1-0: Called Strike 1-1: Ground out 6-3 (Groundball, 6, EV 81.2 MPH)
|
|
Batting: RHB Travis Robinson
|
0-0: Ball 1-0: Foul Ball, location: 2F 1-1: Ball 2-1: Foul Ball, location: 2F 2-2: Strikes out swinging
|
| Bottom of the 4th over - 0 runs, 0 hits, 0 errors, 0 left on base; Palm Beach 2 - Oakland 1 |
| TOP OF THE 5TH |
|
Palm Beach Nationals batting - Pitching for Oakland Oaks : RHP Victor Sanchez
|
|
Batting: RHB Kenny Ball
|
0-0: Called Strike 0-1: Ball 1-1: Ball 2-1: Foul Ball, location: 2F 2-2: Ball 3-2: Foul Ball, location: 2F 3-2: Ground out 4-3 (Groundball, 4, EV 86.2 MPH)
|
|
Batting: RHB Joe Simmelink
|
0-0: Called Strike 0-1: Ball 1-1: Ball 2-1: Foul Ball, location: 2F 2-2: Strikes out swinging, 2-3 out at first.
|
|
Batting: RHB Akira Ishihara
|
0-0: Ball 1-0: Foul Ball, location: 2F 1-1: Ground out 6-3 (Groundball, 6, EV 79.4 MPH)
|
| Top of the 5th over - 0 runs, 0 hits, 0 errors, 0 left on base; Palm Beach 2 - Oakland 1 |
| BOTTOM OF THE 5TH |
|
Oakland Oaks batting - Pitching for Palm Beach Nationals : RHP Steve Schneider
|
|
Batting: RHB Ricardo Claros
|
0-0: Called Strike 0-1: Foul Ball, location: 2F 0-2: Ball 1-2: Ball 2-2: SINGLE (Groundball, 34D, EV 96.2 MPH)
|
|
Batting: RHB Tim Anderson
|
0-0: Fly out, F8 (Flyball, 89S, EV 81.2 MPH)
|
|
Batting: RHB Don Burt
|
0-0: Ball 1-0: Foul Ball, location: 2F 1-1: Called Strike 1-2: Fielders Choice at 2nd, 6-4 (Groundball, 6, EV 93.1 MPH)
|
|
Batting: RHB Chris Bohm
|
0-0: Called Strike 0-1: Swinging Strike 0-2: Strikes out swinging
|
| Bottom of the 5th over - 0 runs, 1 hit, 0 errors, 1 left on base; Palm Beach 2 - Oakland 1 |
| TOP OF THE 6TH |
|
Palm Beach Nationals batting - Pitching for Oakland Oaks : RHP Victor Sanchez
|
|
Batting: RHB Taffounnout Kame
|
0-0: Ball 1-0: Swinging Strike 1-1: Ground out 5-3 (Groundball, 5, EV 105.0 MPH)
|
|
Batting: RHB Lamar Thornton
|
0-0: Ground out 1-3 (Groundball, 25, EV 71.9 MPH)
|
|
Batting: RHB Er Le
|
0-0: Ground out 1-3 (Groundball, 13S, EV 71.2 MPH)
|
| Top of the 6th over - 0 runs, 0 hits, 0 errors, 0 left on base; Palm Beach 2 - Oakland 1 |
| BOTTOM OF THE 6TH |
|
Oakland Oaks batting - Pitching for Palm Beach Nationals : RHP Steve Schneider
|
|
Batting: RHB Scott Lister
|
0-0: Foul Ball, location: 2F 0-1: Called Strike 0-2: Foul Ball, location: 2F 0-2: Ball 1-2: Ball 2-2: Ball 3-2: Fly out, F2 (Popup, 3SF, EV 85.6 MPH)
|
|
Batting: RHB Walt Alaniz
|
0-0: Fly out, F8 (Flyball, 78M, EV 85.6 MPH)
|
|
Batting: LHB Felipe Gomez
|
0-0: Ball 1-0: Called Strike 1-1: Ball 2-1: SOLO HOME RUN (Flyball, 9LD, EV 96.9 MPH), Distance : 361 ft
|
|
Batting: LHB Alejandro Muniz
|
0-0: Foul Ball, location: 2F 0-1: SINGLE (Groundball, 3D, EV 111.2 MPH)
|
|
Batting: RHB Travis Robinson
|
0-0: Ground out 4-3 (Groundball, 4, EV 102.5 MPH)
|
| Bottom of the 6th over - 1 run, 2 hits, 0 errors, 1 left on base; Palm Beach 2 - Oakland 2 |
| TOP OF THE 7TH |
|
Palm Beach Nationals batting - Pitching for Oakland Oaks : RHP Victor Sanchez
|
|
Batting: RHB Steve Kunselman
|
0-0: Called Strike 0-1: Foul Ball, location: 2F 0-2: Ball 1-2: Strikes out swinging
|
|
Batting: RHB Aaron Bateman
|
0-0: Ball 1-0: Foul Ball, location: 2F 1-1: Ground out 6-3 (Groundball, 6S, EV 70.6 MPH)
|
|
Batting: SHB John Husson
|
0-0: Called Strike 0-1: Ball 1-1: Foul Ball, location: 2F 1-2: Strikes out swinging
|
| Top of the 7th over - 0 runs, 0 hits, 0 errors, 0 left on base; Palm Beach 2 - Oakland 2 |
| BOTTOM OF THE 7TH |
|
Oakland Oaks batting - Pitching for Palm Beach Nationals : RHP Steve Schneider
|
|
Batting: RHB Ricardo Claros
|
0-0: Swinging Strike 0-1: Foul Ball, location: 2F 0-2: Ball 1-2: Foul Ball, location: 2F 1-2: DOUBLE (Line Drive, 89XD, EV 101.2 MPH)
|
|
Batting: RHB Tim Anderson
|
0-0: Ball 1-0: Foul Ball, location: 2F 1-1: Ball Balk! Ricardo Claros to third 2-1: Swinging Strike 2-2: Strikes out swinging
|
|
Batting: RHB Don Burt
|
0-0: Called Strike 0-1: Called Strike 0-2: Ball 1-2: Strikes out swinging
|
|
Batting: RHB Chris Bohm
|
0-0: Ball 1-0: Foul Ball, location: 2F 1-1: DOUBLE (Line Drive, 78M, EV 106.2 MPH) Ricardo Claros scores
|
|
Batting: RHB Scott Lister
|
0-0: Foul Ball, location: 2F 0-1: Ball 1-1: Foul Ball, location: 2F 1-2: Foul Ball, location: 2F 1-2: Strikes out swinging
|
| Bottom of the 7th over - 1 run, 2 hits, 0 errors, 1 left on base; Palm Beach 2 - Oakland 3 |
| TOP OF THE 8TH |
|
Palm Beach Nationals batting - Pitching for Oakland Oaks : RHP Victor Sanchez
|
|
Pitching: RHP Charlie Shook
|
|
|
Pinch Hitting: LHB Chris Williams
|
0-0: Called Strike 0-1: Ball 1-1: Ball 2-1: Fly out, F9 (Flyball, 9D, EV 85.0 MPH)
|
|
Pinch Hitting: RHB Chad Madsen
|
0-0: Called Strike 0-1: Ball 1-1: Ball 2-1: Swinging Strike 2-2: Ball 3-2: Ground out 6-3 (Groundball, 6S, EV 63.1 MPH)
|
|
Batting: RHB Akira Ishihara
|
0-0: Ball 1-0: Foul Ball, location: 2F 1-1: Swinging Strike 1-2: Strikes out looking
|
| Top of the 8th over - 0 runs, 0 hits, 0 errors, 0 left on base; Palm Beach 2 - Oakland 3 |
| BOTTOM OF THE 8TH |
|
Oakland Oaks batting - Pitching for Palm Beach Nationals : RHP Steve Schneider
|
|
Now at 1B: Chris Williams
|
|
|
Now in LF: Chad Madsen
|
|
|
Now in CF: Steve Kunselman
|
|
|
Batting: RHB Walt Alaniz
|
0-0: Ball 1-0: Called Strike 1-1: Foul Ball, location: 2F 1-2: Ball 2-2: Foul Ball, location: 2F 2-2: Foul Ball, location: 2F 2-2: Ball 3-2: Fly out, F7 (Flyball, 7, EV 71.9 MPH)
|
|
Batting: LHB Felipe Gomez
|
0-0: Called Strike 0-1: Ball 1-1: Swinging Strike 1-2: Foul Ball, location: 2F 1-2: Strikes out swinging
|
|
Batting: LHB Alejandro Muniz
|
0-0: DOUBLE (Flyball, 8RXD, EV 89.4 MPH)
|
|
Batting: RHB Travis Robinson
|
0-0: 2-RUN HOME RUN (Flyball, 78XD, EV 113.8 MPH), Distance : 452 ft
|
|
Batting: RHB Ricardo Claros
|
0-0: Ball 1-0: Called Strike 1-1: Foul Ball, location: 2F 1-2: SINGLE (Groundball, 5D, EV 100.0 MPH)
|
|
Batting: RHB Tim Anderson
|
0-0: Swinging Strike 0-1: Ball 1-1: Ball 2-1: Ball 3-1: Base on Balls Ricardo Claros to second
|
|
Pitching: RHP Mike Hamilton
|
|
|
Batting: RHB Don Burt
|
0-0: Called Strike 0-1: Ball 1-1: Called Strike 1-2: Ground out 4-3 (Groundball, 4, EV 80.6 MPH)
|
| Bottom of the 8th over - 2 runs, 3 hits, 0 errors, 2 left on base; Palm Beach 2 - Oakland 5 |
| TOP OF THE 9TH |
|
Palm Beach Nationals batting - Pitching for Oakland Oaks : RHP Charlie Shook
|
|
Pitching: LHP Jason Hahn
|
|
|
Now at 1B: Jason Dove
|
|
|
Batting: RHB Taffounnout Kame
|
0-0: Ball 1-0: SINGLE (Line Drive, 7S, EV 92.5 MPH)
|
|
Batting: RHB Lamar Thornton
|
0-0: Fly out, F7 (Flyball, 7LS, EV 93.1 MPH)
|
|
Batting: RHB Er Le
|
0-0: Ground out 5-3 (Groundball, 5L, EV 108.1 MPH) Taffounnout Kame to second
|
|
Batting: RHB Steve Kunselman
|
0-0: Ball 1-0: Ball 2-0: Ball 3-0: Base on Balls
|
|
Batting: RHB Aaron Bateman
|
0-0: Ball 1-0: Swinging Strike 1-1: Called Strike 1-2: Ball 2-2: Foul Ball, location: 2F 2-2: Ball 3-2: Foul Ball, location: 2F 3-2: SINGLE (Groundball, 6MD, EV 98.8 MPH) Taffounnout Kame to third Steve Kunselman to second Taffounnout Kame scores Steve Kunselman to third
|
|
Pinch Hitting: RHB Vasag Semerjian
|
0-0: Called Strike 0-1: Ball 1-1: Ball 2-1: Foul Ball, location: 2F 2-2: Ball 3-2: Base on Balls Aaron Bateman to second
|
|
Pitching: LHP Logan Stewart
|
|
|
Pinch Hitting: RHB Kiyonaga Nakamura
|
0-0: Called Strike 0-1: Ball 1-1: Ball 2-1: Foul Ball, location: 2F 2-2: Foul Ball, location: 2F 2-2: Foul Ball, location: 2F 2-2: Ball 3-2: SINGLE (Groundball, 34D, EV 101.2 MPH) Steve Kunselman scores Aaron Bateman to third Vasag Semerjian to second Aaron Bateman scores Vasag Semerjian to third
|
|
Batting: RHB Chad Madsen
|
0-0: Ball Passed Ball! Vasag Semerjian scores Kiyonaga Nakamura to second 1-0: Ground out 6-3 (Groundball, 6MS, EV 82.5 MPH)
|
| Top of the 9th over - 4 runs, 3 hits, 0 errors, 1 left on base; Palm Beach 6 - Oakland 5 |
| BOTTOM OF THE 9TH |
|
Oakland Oaks batting - Pitching for Palm Beach Nationals : RHP Mike Hamilton
|
|
Now at C: Scott Merritt
|
|
|
Now at 1B: Ken Yeadon
|
|
|
Batting: RHB Chris Bohm
|
0-0: Ball 1-0: Called Strike 1-1: Ball 2-1: DOUBLE (Line Drive, 7LD, EV 97.5 MPH)
|
|
Pinch Hitting: LHB Ed Talamantes
|
0-0: Swinging Strike 0-1: Swinging Strike 0-2: Ball 1-2: Foul Ball, location: 2F 1-2: Ball 2-2: Foul Ball, location: 2F 2-2: Foul Ball, location: 2F 2-2: Fly out, F8 (Flyball, 89M, EV 93.1 MPH)
|
|
Batting: RHB Walt Alaniz
|
0-0: Ball 1-0: Ball Wild Pitch! Chris Bohm to third 2-0: Called Strike 2-1: SINGLE (Flyball, 7, EV 87.5 MPH) Chris Bohm scores
|
|
Batting: LHB Felipe Gomez
|
0-0: Ball 1-0: Swinging Strike 1-1: Ball 2-1: Foul Ball, location: 2F 2-2: 2-RUN HOME RUN (Flyball, 9D, EV 101.9 MPH), Distance : 403 ft
|
| Bottom of the 9th over - 3 runs, 3 hits, 0 errors, 0 left on base; Palm Beach 6 - Oakland 8 |
|